 Dungeon Crawl Stone Soup version 0.25.0-9-g26727b657a (webtiles) character file.

Game seed: 5218769765017461219

25 protoss039 the Gusty (level 2, 0/20 HPs)
             Began as a Draconian Air Elementalist on June 19, 2020.
             Slain by a jackal (2 damage)
             ... on level 1 of the Dungeon.
             The game lasted 00:02:45 (551 turns).

protoss039 the Gusty (Draconian Air Elementalist)    Turns: 551, Time: 00:02:46

Health: 0/20       AC:  4    Str: 10    XL:     2   Next: 82%
Magic:  0/5        EV: 12    Int: 15    God:
Gold:   27         SH:  0    Dex: 11    Spells: 4/5 levels left

rFire    . . .     SeeInvis .   g - +0 dagger
rCold    . . .     Gourm    .   (no shield)
rNeg     . . .     Faith    .   (armour unavailable)
rPois    .         Spirit   .   (helmet restricted)
rElec    .         Reflect  .   (no cloak)
rCorr    .         Harm     .   (no gloves)
MR       .....                  (no boots)
Stlth    ++........             d - amulet of the acrobat
HPRegen  0.06/turn              (no ring)
MPRegen  0.09/turn              (no ring)

@: no status effects
A: unfitting armour, cold-blooded, AC +4
a: no special abilities


You were on level 1 of the Dungeon.
You were not hungry.

You visited 1 branch of the dungeon, and saw 1 of its levels.

You collected 27 gold pieces.

Inventory:

Hand Weapons
 g - a +0 dagger (weapon)
Jewellery
 d - an amulet of the acrobat (around neck)
Scrolls
 f - a scroll of amnesia {unknown}
Potions
 a - a potion of haste {unknown}
 e - a potion of berserk rage {unknown}
Comestibles
 b - a ration
 c - 5 chunks of flesh


   Skills:
 - Level 1.7 Dodging
 - Level 1.7 Stealth
 * Level 2.4 Spellcasting
 + Level 1.2 Conjurations
 + Level 3.6 Air Magic


You had 4 spell levels left.
You knew the following spells:

 Your Spells              Type           Power        Failure   Level  Hunger
a - Shock                 Conj/Air       #...         8%          1    #......

Your spell library contained the following spells:

 Spells                   Type           Power        Failure   Level  Hunger
 Swiftness                Chrm/Air       #.......     16%         2    ###....
 Static Discharge         Conj/Air       #.......     24%         3    ###....
 Airstrike                Air            ##........   43%         4    #####..
 Lightning Bolt           Conj/Air       #.........   91%         5    ######.


Dungeon Overview and Level Annotations

Branches:
Dungeon (1/15)

Altars:


Innate Abilities, Weirdness & Mutations

Your plain brown scales are hard. (AC +4)
You cannot fit into any form of body armour.
You are cold-blooded and may be slowed by cold attacks.


Message History

The jackal misses you.
Unknown command.
Casting: Shock (safe; 8% risk of failure)
Confirm with . or Enter, or press ? or * to list all spells.
You don't have enough magic to cast that spell.
Unknown command.
You closely miss the jackal.
The jackal is moderately wounded.
The goblin hits you.
* * * LOW HITPOINT WARNING * * *
The jackal misses you.
The jackal bites you but does no damage.
You hit the jackal.
The jackal is heavily wounded.
The jackal closely misses you. x2; The goblin hits you.
* * * LOW HITPOINT WARNING * * *
You completely miss the jackal.
The jackal is heavily wounded.
The jackal bites you.
You die...

#.#..............
#............#...
#..#l).......####
#l..Kb.......# #K#..........#
#h#..........# #h#..........#
#h#lb........# #.#
#@gg#.......# #.#
##h.#.......####.. #######.#
#..#.#####...##.# #.....#..
#..#.# #....... #.8<8.#.#
##..#.#####....... #.....#.#
#.............[... ##...##.#
##.##.###.........
##'###.##+####.................
#.....#...................†...


You could see 4 jackals, a hobgoblin, a goblin, a bat, a kobold and 2 frilled
lizards.

Vanquished Creatures
  An ooze (D:1)
  A dart slug (D:1)
  2 giant cockroaches (D:1)
  3 goblins (D:1)
  2 hobgoblins (D:1)
  3 frilled lizards (D:1)
  3 kobolds (D:1)
  3 rats (D:1)
18 creatures vanquished.

Notes
Turn   | Place    | Note
-------+----------+-------------------------------------------
     0 | D:1      | protoss039 the Draconian Air Elementalist began the quest
                  | for the Orb.
     0 | D:1      | Reached XP level 1. HP: 14/14 MP: 3/3
   186 | D:1      | Reached XP level 2. HP: 20/20 MP: 3/5
   551 | D:1      | Slain by a jackal

Illustrated notes

Levels and vault maps discovered:
D:1:      dpeg_arrival_renting, layout_rooms, grunt_decor_arrowhead,
          minmay_lizard_pond

Action                   || total
-------------------------++-------
Melee: Unarmed           ||    23
       Dagger            ||    14
       Tailslap          ||     5
 Cast: Shock             ||    27
Armor: Skin              ||    37
Dodge: Dodged            ||    62
